Map: Eternal Empire LE

Players

Reynor - Winner!

  • Race: Zerg Zerg
  • League: Master
  • Spawn Location: 1:00

LiquidMaNa (MaNa)

  • Race: Protoss Protoss
  • League: Grandmaster
  • Spawn Location: 7:00

Event: DreamHack SC2 Masters 2020 Fall

VOD

Have the link to the VOD?

Description

Time

  • Played on: Sept. 8, 2020, 12:13 p.m.
  • Length: 13:54

All games in this series

Show
View Real Time Build Order
Export as new Build Order

Reynor Zerg - Winner!

Build Orders: Hatch First 

Get SALT Encoding   

  12  0:00  Drone  
  13  0:12  Overlord  
  13  0:17  Drone  
  14  0:30  Drone x2  
  16  0:49  Hatchery  
  15  0:52  Drone  
  15  0:54  Drone  
  17  0:58  Drone  
  18  1:09  Extractor  
  17  1:14  Spawning Pool  
  17  1:17  Drone  
  17  1:20  Drone  
  18  1:27  Drone  
  19  1:39  Drone  
  20  1:50  Overlord  
  20  2:00  Queen  
  22  2:01  Zergling x4  
  22  2:02  Queen  
  26  2:11  Drone  
  26  2:12  Drone  
  28  2:23  Zergling x2  
  28  2:24  Drone  
  28  2:25  Metabolic Boost  
  30  2:34  Drone  
  31  2:43  Drone, Hatchery  
  31  2:46  Drone  
  32  2:51  Overlord  
  32  2:53  Drone  
  32  2:55  Drone  
  33  2:59  Queen  
  35  3:09  Drone x2  
  35  3:12  Drone x3  
  40  3:17  Drone  
  40  3:19  Overlord  
  41  3:23  Queen  
  43  3:34  Overlord  
  43  3:38  Drone  
  43  3:39  Drone, Queen  
  47  3:42  Zergling x2  
  47  3:44  Drone x3  
  51  3:52  Roach Warren, Zergling x4  
  51  3:55  Drone  
  53  3:58  Queen  
  56  4:02  Drone  
  56  4:03  Drone  
  56  4:07  Zergling x6  
  60  4:10  Overlord  
  60  4:19  Queen  
  60  4:21  Drone  
  60  4:22  Spore Crawler x2  
  61  4:27  Drone x2  
  61  4:28  Drone  
  61  4:29  Spore Crawler  
  63  4:34  Zergling x4  
  66  4:38  Drone  
  66  4:41  Overlord  
  66  4:44  Roach x3  
  72  4:49  Overlord  
  72  4:53  Zergling x2  
  72  4:57  Overlord  
  73  5:04  Drone x6  
  73  5:05  Drone x2, Lair  
  81  5:08  Overlord  
  81  5:10  Drone x3  
  84  5:15  Roach  
  84  5:17  Roach  
  84  5:20  Drone x2  
  90  5:24  Extractor  
  90  5:25  Extractor  
  90  5:26  Evolution Chamber  
  86  5:29  Roach  
  86  5:30  Drone  
  86  5:31  Drone  
  86  5:33  Drone x2  
  86  5:34  Drone, Extractor  
  92  5:35  Extractor  
  92  5:42  Drone x3  
  94  5:43  Drone x2  
  94  5:48  Overlord, Hatchery  
  95  5:51  Drone x2  
  95  5:52  Drone x2  
  95  5:53  Zerg Missile Weapons Level 1  
  95  5:54  Extractor  
  98  5:58  Drone  
  98  5:59  Drone  
  98  6:03  Roach x2  
  104  6:06  Drone  
  104  6:07  Glial Reconstitution  
  104  6:08  Drone x3  
  108  6:13  Overseer  
  108  6:14  Overlord  
  108  6:25  Roach x2  
  112  6:27  Overlord  
  112  6:34  Roach x4  
  112  6:35  Overlord  
  120  6:42  Drone  
  120  6:45  Overlord  
  120  6:46  Evolution Chamber, Baneling Nest  
  120  6:47  Roach x5  
  129  6:53  Overlord  
  129  6:55  Drone x3  
  129  6:57  Roach  
  129  6:58  Ravager x3  
  129  7:01  Roach x2  
  141  7:02  Roach  
  141  7:04  Drone x5  
  141  7:05  Drone  
  149  7:14  Roach, Zergling x8  
  153  7:16  Roach, Zergling x2  
  140  7:23  Roach x2  
  140  7:27  Roach, Zergling x2  
  136  7:30  Centrifical Hooks  
  136  7:31  Zerg Melee Weapons Level 1  
  136  7:32  Roach, Zergling x6  
  136  7:33  Roach, Zergling x6  
  136  7:34  Zergling x2  
  143  7:38  Drone x3  
  143  7:42  Drone  
  143  7:43  Drone x3, Pneumatized Carapace  
  150  7:45  Hatchery  
  150  7:48  Spore Crawler  
  150  7:49  Spine Crawler  
  147  7:51  Zerg Ground Armor Level 1  
  147  7:54  Drone x2, Ravager  
  147  7:55  Drone  
  151  8:01  Ravager x3  
  151  8:03  Queen, Baneling x4  
  143  8:08  Drone x3  
  143  8:11  Drone, Infestation Pit, Unknown  
  143  8:12  Zergling x14  
  151  8:19  Zergling x4  
  154  8:20  Zergling x8  
  154  8:23  Overlord  
  154  8:24  Overseer  
  157  8:28  Drone  
  157  8:30  Drone  
  157  8:31  Overlord  
  157  8:32  Overlord  
  159  8:42  Drone x7  
  159  8:44  Zergling x2  
  159  8:46  Overlord  
  167  8:49  Hive  
  167  8:51  Zergling x6, Spire  
  167  8:52  Zergling x2  
  165  8:58  Drone  
  165  8:59  Drone  
  165  9:00  Zergling x10  
  165  9:02  Drone x2  
  173  9:04  Spore Crawler  
  173  9:09  Roach, Zergling x14  
  181  9:14  Drone x3, Queen  
  184  9:17  Zergling x6  
  184  9:28  Baneling  
  184  9:29  Baneling x26  
  184  9:32  Baneling x6  
  184  9:35  Drone x2  
  186  9:42  Zergling x22  
  186  9:43  Baneling x12  
  197  9:48  Zerg Melee Weapons Level 2  
  197  9:49  Zerg Ground Armor Level 2  
  197  9:50  Drone  
  197  9:51  Spore Crawler  
  197  9:59  Zergling x2, Baneling x5  
  198  10:00  Zergling x2  
  198  10:01  Overlord  
  194  10:07  Adrenal Glands, Greater Spire  
  183  10:16  Zergling x28  
  183  10:18  Zergling x2  
  183  10:19  Zergling x10  
  183  10:21  Roach, Zergling x4  
  176  10:26  Roach, Zergling x8  
  171  10:29  Zergling x4  
  171  10:30  Zergling x10  
  171  10:34  Drone x2  
  179  10:42  Zergling x6  
  176  10:43  Hatchery  
  176  10:47  Roach x5  
  181  10:54  Zergling x10  
  186  11:05  Baneling x4  
  186  11:06  Ravager x2  
  186  11:07  Ravager x6  
  186  11:08  Baneling x20  
  186  11:09  Drone x3  
  186  11:10  Drone x2  
  199  11:11  Extractor  
  199  11:13  Extractor  
  197  11:23  Zerg Flyer Weapons Level 1  
  198  11:25  Drone  
  198  11:26  Drone  
  198  11:28  Spore Crawler  
  195  11:33  Baneling x7  
  195  11:34  Baneling x12  
  195  11:44  Spine Crawler  
  195  11:45  Zergling x12  
  179  12:01  Zergling x28  
  179  12:02  Zergling x12  
  179  12:03  Zergling x6  
  192  12:13  Zergling x22  
Show
View Real Time Build Order
Export as new Build Order

LiquidMaNa Protoss 

Build Orders: 1 Gate Expand 

Get SALT Encoding   

  12  0:00  Probe  
  13  0:12  Probe  
  14  0:19  Pylon  
  14  0:24  Probe  
  15  0:37  Probe (Chrono Boost)  
  16  0:43  Gateway  
  16  0:47  Probe (Chrono Boost)  
  17  0:51  Assimilator  
  17  0:52  Probe (Chrono Boost)  
  18  1:04  Probe (Chrono Boost)  
  19  1:13  Probe (Chrono Boost)  
  20  1:27  Nexus  
  20  1:36  Cybernetics Core  
  20  1:39  Probe  
  21  1:45  Assimilator  
  21  1:51  Probe  
  22  1:54  Pylon  
  22  2:03  Probe  
  23  2:10  Adept (Chrono Boost)  
  23  2:13  Warp Gate  
  23  2:15  Probe  
  26  2:27  Probe  
  27  2:32  Stalker (Chrono Boost)  
  27  2:33  Twilight Council  
  29  2:39  Probe x2  
  31  2:51  Probe x2  
  33  3:01  Robotics Facility  
  33  3:03  Probe  
  34  3:06  Adept  
  34  3:08  Probe  
  37  3:18  Gateway  
  38  3:25  Gateway x2  
  38  3:27  Resonating Glaives (Chrono Boost), Probe  
  38  3:35  Probe  
  38  3:39  Probe  
  38  3:41  Pylon  
  40  3:45  Warp Prism (Chrono Boost)  
  42  3:54  Assimilator  
  42  3:55  Probe  
  42  3:56  Probe  
  42  4:02  Adept  
  46  4:06  Pylon  
  46  4:10  Probe x2  
  46  4:13  Adept  
  46  4:14  Observer  
  51  4:20  Adept  
  51  4:23  Probe  
  54  4:26  Adept x2  
  54  4:28  Probe  
  59  4:36  Probe  
  60  4:40  Probe  
  61  4:51  Nexus, Probe  
  62  4:53  Pylon  
  62  5:00  Pylon  
  62  5:06  Pylon  
  62  5:11  Adept x3, Probe x2  
  70  5:15  Robotics Bay  
  70  5:20  Assimilator  
  70  5:23  Immortal (Chrono Boost)  
  70  5:28  Probe  
  75  5:29  Probe  
  75  5:31  Shield Battery  
  76  5:39  Sentry x2  
  76  5:41  Sentry  
  76  5:42  Sentry  
  84  5:43  Probe  
  84  5:45  Probe  
  86  5:50  Pylon  
  86  6:03  Disruptor, Probe x2 (Chrono Boost)  
  91  6:05  Probe (Chrono Boost)  
  92  6:12  Gravitic Drive  
  92  6:13  Probe x2 (Chrono Boost)  
  92  6:14  Probe (Chrono Boost)  
  95  6:18  Probe x2 (Chrono Boost)  
  95  6:19  Probe (Chrono Boost)  
  95  6:23  Assimilator  
  95  6:24  Assimilator  
  98  6:29  Probe x2  
  98  6:31  Sentry x2, Probe  
  105  6:35  Stalker x2  
  105  6:38  Pylon  
  109  6:51  Pylon  
  109  6:53  Pylon  
  109  6:55  Disruptor, Pylon  
  109  6:56  Adept, Probe x3  
  117  7:05  Forge  
  117  7:14  Stalker x3  
  123  7:16  Adept  
  102  7:31  Disruptor (Chrono Boost)  
  93  7:38  Sentry x4  
  93  7:39  Probe x2  
  93  7:41  Blink  
  93  7:42  Probe  
  98  7:51  Probe x2  
  98  7:54  Gateway, Probe  
  98  7:55  Gateway x2  
  98  7:56  Gateway  
  101  8:03  Protoss Ground Weapons Level 1 (Chrono Boost), Probe x2  
  106  8:07  Stalker x2  
  106  8:08  Adept x2  
  106  8:11  Probe  
  115  8:15  Probe x2  
  115  8:18  Pylon  
  115  8:19  Photon Cannon  
  117  8:23  Probe  
  115  8:27  Probe  
  115  8:28  Colossus  
  122  8:37  Nexus  
  122  8:38  Pylon  
  122  8:43  Extended Thermal Lance (Chrono Boost), Probe x3  
  122  8:48  Stalker x4, Pylon  
  133  8:59  Probe x2  
  135  9:08  Stalker x4  
  143  9:13  Stalker x2  
  143  9:14  Shield Battery  
  147  9:27  Stalker x2  
  147  9:30  Assimilator  
  151  9:33  Stalker x2  
  151  9:34  Stalker  
  151  9:35  Assimilator  
  157  9:43  Gateway  
  157  9:44  Observer  
  157  9:48  Gateway  
  157  9:50  Pylon  
  157  9:54  Photon Cannon  
  157  10:08  Stalker x5  
  138  10:15  Probe  
  112  10:22  Probe x2  
  112  10:25  Stalker x2  
  112  10:26  Probe, Stalker x4  
  112  10:28  Probe  
  118  10:34  Probe x2  
  120  10:39  Probe (Chrono Boost)  
  120  10:40  Probe (Chrono Boost)  
  109  10:44  Stalker  
  109  10:46  Probe (Chrono Boost)  
  113  10:50  Probe (Chrono Boost)  
  113  10:51  Probe (Chrono Boost)  
  113  10:52  Probe (Chrono Boost)  
  116  10:57  Stalker x2  
  116  10:58  Probe (Chrono Boost)  
  116  11:00  Probe (Chrono Boost)  
  116  11:01  Probe (Chrono Boost)  
  116  11:02  Probe (Chrono Boost)  
  123  11:05  Probe  
  123  11:08  Templar Archives  
  123  11:10  Probe  
  125  11:12  Probe  
  125  11:15  Pylon  
  125  11:17  Probe  
  127  11:19  Probe  
  127  11:22  Sentry  
  127  11:23  Sentry  
  132  11:36  Adept x3  
  138  11:46  High Templar x4  
  146  11:50  Archon  
  146  11:51  Archon  
  146  11:59  Probe x2  
  122  12:01  Stalker x4  
  122  12:03  Probe  
  128  12:12  Probe x2  
  113  12:15  Probe  

Tags
 
Add a new tag
Caveats
  • Supply blocks, unpowered buildings, or Contaminate may cause inaccurate times.
  • Supply counts are checked every 10 seconds.